 Dungeon Crawl Stone Soup version 0.19.4 (webtiles) character file.

1324 Kiturien the Cleaver (level 8, -4/77 HPs)
             Began as a Hill Orc Fighter on Feb 2, 2017.
             Slain by an orc warrior
             ... wielding a +0 halberd
              (18 damage)
             ... on level 5 of the Dungeon.
             The game lasted 00:15:33 (5201 turns).

Kiturien the Cleaver (Hill Orc Fighter)             Turns: 5201, Time: 00:15:34

Health: -4/77      AC: 14    Str: 21      XL:     8   Next: 60%
Magic:  7/7        EV:  5    Int:  8      God:
Gold:   227        SH: 10    Dex:  9 (10) Spells: 1 memorised, 5 levels left

rFire  . . .     SeeInvis .     a - +0 war axe
rCold  . . .     Gourm    .     r - +0 plate armour
rNeg   . . .     Faith    .     c - +0 shield
rPois  .         Spirit   .     (no helmet)
rElec  .         Reflect  .     (no cloak)
rCorr  +         Harm     .     (no gloves)
MR     .....                    p - +0 pair of boots
Stlth  ..........               (no amulet)
                                w - +1 ring of slaying
                                b - ring of resist corrosion

@: very slightly contaminated
A: claws 1, fangs 1, low mp 1, robust 1, screaming 1, slow regeneration 1, wild
magic 1, MP-powered wands
a: no special abilities


You were on level 5 of the Dungeon.
You were near starving.

You visited 1 branch of the dungeon, and saw 5 of its levels.
You also visited: Sewer.

You collected 262 gold pieces.
You spent 35 gold pieces at shops.

Inventory:

Hand Weapons
 a - a +0 war axe (weapon)
Armour
 c - a +0 shield (worn)
 p - a +0 pair of boots (worn)
 r - a +0 plate armour (worn)
Jewellery
 b - a ring of resist corrosion (left claw)
 w - a +1 ring of slaying (right claw)
Wands
 n - a wand of flame (13/48)
Scrolls
 e - a scroll of magic mapping
 j - a scroll of immolation
 k - 3 scrolls of fear
 l - 2 scrolls of amnesia
 q - 3 scrolls of teleportation
 s - 4 scrolls of blinking
 u - a scroll of identify
 v - 2 scrolls of fog
Potions
 d - 3 potions of might
 i - a potion of curing
 o - a potion of flight
Books
 t - a book of Maledictions

   Spells                             Type                      Level
   a - Corona                         Hexes                        1
   b - Ensorcelled Hibernation        Hexes/Ice                    2
   c - Confuse                        Hexes                        3
   d - Tukima's Dance                 Hexes                        3
   e - Dazzling Spray                 Conjuration/Hexes            3
Comestibles
 f - a bread ration


   Skills:
 + Level 6.0 Fighting
 + Level 8.3 Axes
 * Level 6.2 Armour
 + Level 1.7 Dodging
 - Level 0.3 Stealth
 + Level 6.0 Shields
 + Level 0.2 Evocations


You had 5 spell levels left.
You knew the following spells:

 Your Spells              Type           Power        Failure   Level  Hunger
a - Ensorcelled Hibernat  Hex/Ice        #.....       100%        2    ###....


Dungeon Overview and Level Annotations

Branches:
Dungeon (5/15)
 Temple: D:4-7

Altars:
Dithmenos

Shops:
D:4 !


Innate Abilities, Weirdness & Mutations

You have sharp fingernails.
You have very sharp teeth.
Your magical capacity is low. (-10% MP)
You are robust. (+10% HP)
You occasionally shout uncontrollably at your foes.
You regenerate slowly when monsters are visible.
Your spells are a little harder to cast, but a little more powerful.
You expend magic power (3 MP) to strengthen your wands.


Message History

You block the orc warrior's attack.
You slash the orc priest!
You kill the orc priest!
Your Fighting skill increases to level 6!
Your Shields skill increases to level 6!
You hit the orc warrior but do no damage.
You block the orc warrior's attack. You block the orc warrior's attack.
You see here a hand axe.
The orc warrior hits you with a halberd.
* * * LOW HITPOINT WARNING * * *
Things that are here:
a dagger; a robe You hit the orc warrior.
Your bite misses the orc warrior.
The orc warrior is moderately wounded.
The orc warrior completely misses you.
You hit the orc warrior.
The orc warrior is heavily wounded.
The orc warrior hits you with a halberd!!
You die...

###.#.#.#...###.#.# #
#.##.....## #.#.# #.#
#.............#.#
#####.####
#..#####.######..
.Z.P≈.P.# #..>.....#
##.
###.≈≈≈..###.########
#. ....≈≈≈≈..##.# #.
##.≈≈≈.P.##.# #.
#...≈≈≈..)@o# #.
#...≈...##### #.
#.##.#### #. #...#.#
#. ....o...o# #.
#..#.).### #. #..##.#
#. #.. #.# #. ...#.#
#.


You could see an orc warrior.

Vanquished Creatures
  Sigmund (D:3)
  Menkaure (D:4)
  A hornet zombie (D:5)
  A centaur (D:5)
  3 big kobolds (Sewer)
  A howler monkey (D:4)
  2 bullfrog zombies (D:5)
  An orc priest (D:5)
  A hound (D:5)
  A jelly (D:3)
  2 centaur skeletons (D:5)
  2 orc wizards (D:5)
  A worker ant (D:4)
  A worker ant zombie (D:5)
  4 gnolls (D:5)
  13 adders
  5 river rats (Sewer)
  A shadow imp (D:4)
  5 oozes
  2 adder zombies (D:5)
  4 worms
  2 leopard geckos
  7 bats
  10 giant cockroaches
  9 goblins
  9 hobgoblins
  A jackal (D:4)
  2 quokkas
  6 ball pythons
  A ball python skeleton (D:4)
  2 frilled lizards
  6 kobolds
  A leopard gecko zombie (D:5)
  2 quokka skeletons
  8 rats
119 creatures vanquished.

Notes
Turn   | Place    | Note
-------+----------+-------------------------------------------
     0 | D:1      | Kiturien the Hill Orc Fighter began the quest for the Orb.
     0 | D:1      | Reached XP level 1. HP: 19/19 MP: 1/1
    51 | D:1      | Reached XP level 2. HP: 27/27 MP: 2/2
   278 | D:1      | Reached skill level 3 in Axes
   403 | D:1      | Reached XP level 3. HP: 30/33 MP: 3/3
   810 | D:2      | Gained mutation: You regenerate slowly when monsters are visible. [potion of mutation]
   810 | D:2      | Gained mutation: You have very sharp teeth. [potion of mutation]
   810 | D:2      | Gained mutation: You have sharp fingernails. [potion of mutation]
   920 | D:2      | Reached XP level 4. HP: 40/40 MP: 4/4
  1270 | D:3      | Reached skill level 4 in Axes
  1487 | D:3      | Found a glowing drain.
  1492 | Sewer    | Entered a sewer
  1515 | Sewer    | Noticed a big kobold
  1546 | Sewer    | Killed a big kobold
  1546 | Sewer    | Reached XP level 5. HP: 12/47 MP: 5/5
  1806 | Sewer    | Reached skill level 1 in Dodging
  2015 | Sewer    | Noticed a big kobold
  2039 | Sewer    | Killed a big kobold
  2039 | Sewer    | Reached XP level 6. HP: 40/53 MP: 6/6
  2306 | Sewer    | Reached skill level 5 in Axes
  2383 | Sewer    | Reached skill level 5 in Fighting
  2383 | Sewer    | Reached skill level 5 in Shields
  2619 | Sewer    | Reached XP level 7. HP: 60/61 MP: 7/7
  2853 | D:3      | Noticed Sigmund
  2870 | D:3      | Killed Sigmund
  2870 | D:3      | Reached skill level 6 in Axes
  2870 | D:3      | Reached skill level 5 in Armour
  3730 | D:4      | Noticed Menkaure
  3781 | D:4      | Killed Menkaure
  3794 | D:4      | Found Bineepa's Distillery.
  3804 | D:4      | Bought a potion of mutation for 35 gold pieces
  3804 | D:4      | Gained mutation: You occasionally shout uncontrollably at your foes. [potion of mutation]
  3804 | D:4      | Gained mutation: You expend magic power (3 MP) to strengthen your wands. [potion of mutation]
  3804 | D:4      | Gained mutation: You are robust. (+10% HP) [potion of mutation]
  3953 | D:4      | Reached XP level 8. HP: 49/75 MP: 8/8
  4344 | D:4      | Found a shadowy altar of Dithmenos.
  4594 | D:4      | Learned a level 2 spell: Ensorcelled Hibernation
  4595 | D:5      | Entered Level 5 of the Dungeon
  4615 | D:5      | Reached skill level 7 in Axes
  5006 | D:5      | Gained mutation: Your magical capacity is low. (-10% MP) [potion of mutation]
  5006 | D:5      | Gained mutation: Your spells are a little harder to cast, but a little more powerful. [potion of mutation]
  5131 | D:5      | Reached skill level 8 in Axes
  5201 | D:5      | Slain by an orc warrior

Skill      XL: |  1  2  3  4  5  6  7  8 |
---------------+-------------------------+-----
Axes           | 3 4 5 6 8 |  8.3
Fighting       | 4 5 6 |  6.0
Shields        | 4 5 6 |  6.0
Armour         | 4 5 6 |  6.2
Dodging        | 1 |  1.7
Stealth        | |  0.3
Evocations     | |  0.2

Action                   |  1- 3 |  4- 6 |  7- 9 || total
-------------------------+-------+-------+-------++-------
Melee: War axe           |   102 |   180 |   237 ||   519
       Bite              |       |    16 |    22 ||    38
Evoke: Wand              |       |       |     1 ||     1
  Use: Scroll            |     2 |     2 |    10 ||    14
       Potion            |     1 |     1 |     8 ||    10
  Eat: Bread ration      |       |     1 |     1 ||     2
       Beef jerky        |       |     1 |     1 ||     2
       Fruit             |       |       |     2 ||     2
Armor: Scale mail        |    45 |    67 |    44 ||   156
       Plate armour      |       |       |    80 ||    80
Dodge: Dodged            |    31 |    55 |    73 ||   159
Block: Shield            |    54 |    80 |   150 ||   284
